 Dungeon Crawl Stone Soup version 0.19.5 (webtiles) character file.

125 Peloso the Covered (level 4, -2/41 HPs)
             Began as a Minotaur Fighter on May 19, 2017.
             Killed by divine providence
             ... invoked by an orc priest
              (13 damage)
             ... on level 3 of the Dungeon.
             The game lasted 00:06:44 (1999 turns).

Peloso the Covered (Minotaur Fighter)               Turns: 1999, Time: 00:06:45

Health: -2/41      AC:  9    Str: 21    XL:     4   Next: 82%
Magic:  3/3        EV:  6    Int:  5    God:
Gold:   88         SH: 10    Dex: 10    Spells: 0 memorised, 3 levels left

rFire  . . .     SeeInvis .     a - +0 long sword
rCold  . . .     Gourm    .     k - +0 chain mail
rNeg   . . .     Faith    .     c - +1 shield
rPois  .         Spirit   .     (helmet restricted)
rElec  .         Reflect  .     (no cloak)
rCorr  .         Harm     .     (no gloves)
MR     .....                    (no boots)
Stlth  ..........               n - amulet of inaccuracy (curse)
                                (no ring)
                                (no ring)

@: no status effects
A: retaliatory headbutt, horns 2
a: no special abilities


You were on level 3 of the Dungeon.
You were not hungry.

You visited 1 branch of the dungeon, and saw 3 of its levels.

You collected 88 gold pieces.

Inventory:

Hand Weapons
 a - a +0 long sword (weapon)
Armour
 b - a +0 scale mail
 c - a +1 shield (worn)
 k - a +0 chain mail (worn)
Jewellery
 n - a cursed amulet of inaccuracy (around neck)
Scrolls
 g - 2 scrolls of teleportation
 i - 2 scrolls of identify
 j - a scroll of fear
Potions
 d - a potion of might
 e - 2 potions of curing
Comestibles
 f - 3 bread rations
 h - 3 chunks of flesh
 l - a meat ration
 o - a slice of pizza


   Skills:
 + Level 4.3 Fighting
 + Level 3.4 Long Blades
 + Level 4.6 Armour
 + Level 1.2 Dodging
 + Level 0.3 Stealth
 + Level 4.5 Shields


You had 3 spell levels left.
You didn't know any spells.

Dungeon Overview and Level Annotations

Branches:
Dungeon (3/15)

Altars:
Elyvilon
The Shining One


Innate Abilities, Weirdness & Mutations

You reflexively headbutt those who attack you in melee.
You have a pair of horns on your head.


Message History

The orc priest hits you but does no damage.
You hit the orc priest but do no damage.
The orc priest is severely wounded.
The orc priest completely misses you.
You riposte.
You barely miss the orc priest.
The orc priest is severely wounded.
You closely miss the orc priest.
The orc priest is severely wounded.
The orc wizard mumbles some strange words.
The orc wizard blinks!
The orc priest barely misses you.
Your chain mail prevents you from hitting the orc priest.
Your headbutt misses the orc priest.
The orc priest is severely wounded.
The orc priest hits you with a flail.
* * * LOW HITPOINT WARNING * * *
You hit the orc priest.
The orc priest is almost dead.
The orc priest calls down the wrath of Beogh upon you.
Beogh smites you!
You die...

#.# #..# #.# #..#### #.#
#####.....# ##.#
#.......#.# ##..#
#.####..#.##
####...#######.###...#.##
+........................
####...#######.##......##
#...oo@.# #.##.#..####
#.##l##.# #.##.##.# #.
#.# .# #.##.##.# # #.. (#
#.......# #.. .#
####.#### ##. .# #.# #..#
#.# .# #.# ##.##


You could see an orc priest, an orc and a frilled lizard.

Vanquished Creatures
  5 adders
  2 gnolls (D:2)
  A worm (D:2)
  2 leopard geckos (D:2)
  2 orcs (D:3)
  2 giant cockroaches (D:3)
  9 goblins
  6 hobgoblins
  4 jackals (D:1)
  A quokka (D:2)
  9 bats
  5 frilled lizards
  2 kobolds (D:2)
  5 rats
55 creatures vanquished.

Notes
Turn   | Place    | Note
-------+----------+-------------------------------------------
     0 | D:1      | Peloso the Minotaur Fighter began the quest for the Orb.
     0 | D:1      | Reached XP level 1. HP: 19/19 MP: 0/0
   151 | D:1      | Reached XP level 2. HP: 26/27 MP: 1/1
   644 | D:2      | Reached XP level 3. HP: 10/33 MP: 2/2
   832 | D:2      | Found a white marble altar of Elyvilon.
  1295 | D:2      | Found a glowing golden altar of the Shining One.
  1432 | D:2      | Reached XP level 4. HP: 32/40 MP: 3/3
  1737 | D:2      | Reached skill level 1 in Dodging
  1999 | D:3      | Killed from afar by an orc priest

Skill      XL: |  1  2  3  4 |
---------------+-------------+-----
Armour         | 4 |  4.6
Fighting       | 4 |  4.3
Shields        | 4 |  4.5
Long Blades    | 3 |  3.4
Dodging        | 1 |  1.2
Stealth        | |  0.3

Action                   |  1- 3 |  4- 6 || total
-------------------------+-------+-------++-------
Melee: Long sword        |   125 |    76 ||   201
       Headbutt          |    13 |     9 ||    22
  Use: Scroll            |     5 |     1 ||     6
       Potion            |     3 |     1 ||     4
  Eat: Chunk             |     2 |     2 ||     4
Armor: Scale mail        |    69 |    17 ||    86
       Chain mail        |       |     6 ||     6
Dodge: Dodged            |    45 |    25 ||    70
Block: Shield            |    74 |    38 ||   112
       Rpst.: Long sword |     9 |     6 ||    15
